 Dungeon Crawl Stone Soup version 0.29-a0-275-g389c0b56f3 (webtiles) character file.

Game seed: 3905171071580302606

1286 jlumianski the Chopper (level 8, -4/54 HPs)
             Began as a Demonspawn Gladiator on Mar 5, 2022.
             Was a Follower of Hepliaklqana.
             Killed from afar by an electric eel (11 damage)
             ... with a bolt of electricity
             ... on level 6 of the Dungeon on Mar 9, 2022.
             The game lasted 00:47:47 (7873 turns).

jlumianski the Chopper (Demonspawn Gladiator)       Turns: 7873, Time: 00:47:50

Health: -4/54      AC: 13    Str: 16    XL:     8   Next: 30%
Magic:  11/11      EV: 16    Int: 11    God:    Hepliaklqana [*.....]
Gold:   373        SH:  0    Dex: 14    Spells: 10/11 levels left

rFire   . . .      SeeInvis .   a - +1 war axe
rCold   . . .      Faith    .   (no shield)
rNeg    . . .      Spirit   .   j - +0 ring mail
rPois   .          Reflect  .   o - +2 helmet
rElec   .          Harm     .   x - +0 cloak
rCorr   .          Rampage  .   s - +2 pair of gloves
Will    .....                   (no boots)
Stlth   +.........              g - amulet of the acrobat
HPRegen 0.18/turn               h - +4 ring of evasion
MPRegen 0.24/turn               (no ring)

@: no status effects
A: reduced essence, claws 1, magic regeneration, weakness stinger 2
a: Renounce Religion, Recall Ancestor, Ancestor Identity


You were on level 6 of the Dungeon.
You worshipped Hepliaklqana.
Hepliaklqana was aware of your devotion.
You visited 2 branches of the dungeon, and saw 7 of its levels.

You collected 373 gold pieces.

Inventory:

Hand Weapons
 a - a +1 war axe (weapon)
 l - a +1 dagger of electrocution
 w - a +2 quarterstaff of chaos
 H - a +1 mace of protection
Missiles
 d - 3 throwing nets
 i - 6 boomerangs
 n - 240 stones
 y - 6 poisoned darts (quivered)
Armour
 b - a +0 leather armour
 c - a +0 helmet
 j - a +0 ring mail (worn)
 o - a +2 helmet (worn)
 s - a +2 pair of gloves (worn)
 x - a +0 cloak (worn)
 A - the +1 scale mail "Kucyf" {Int+2}
   (You found it on level 5 of the Dungeon)

   Int:       It affects your intelligence (+2).
 F - a +0 scale mail
 G - a +0 chain mail
Jewellery
 g - an amulet of the acrobat (around neck)
 h - a +4 ring of evasion (left hand)
 B - an amulet of faith
Wands
 m - a wand of iceblast (12)
 p - a wand of digging (4)
 u - a wand of paralysis (5)
Scrolls
 r - a scroll of vulnerability
 t - 2 scrolls of immolation
 z - a scroll of noise
 I - a scroll of amnesia
 J - a scroll of silence
 M - a scroll of blinking
Potions
 e - a potion of might
 f - a potion of ambrosia
 k - a potion of mutation
 q - 3 potions of lignification
 v - a potion of magic
 C - a potion of haste
 D - 2 potions of curing
 E - a potion of degeneration
 K - a potion of heal wounds {unknown}


   Skills:
 + Level 3.8 Fighting
 + Level 6.3 Axes
 + Level 1.8 Throwing
 + Level 3.8 Armour
 + Level 4.1 Dodging
 + Level 0.6 Stealth
 + Level 2.0 Spellcasting
 + Level 2.1 Conjurations
 + Level 1.6 Fire Magic


You had 10 spell levels left.
You knew the following spells:

 Your Spells              Type           Power      Damage    Failure   Level
a - Foxfire               Conj/Fire      20%        2x1d5     24%         1

Your spell library contained the following spells:

 Spells                   Type           Power      Damage    Failure   Level
 Ozocubu's Armour         Ice            1%         N/A       83%         3
 Summon Forest            Summ/Tloc      0%         N/A       100%        5
 Eringya's Noxious Bog    Tmut/Pois      0%         N/A       100%        6
 Ozocubu's Refrigeration  Ice            0%         4d5       100%        7
 Summon Hydra             Summ           0%         N/A       100%        7


Dungeon Overview and Level Annotations

Branches:
Dungeon (6/15)             Temple (1/1) D:4

Altars:
Ashenzari
Cheibriados
Elyvilon
Fedhas
Gozag
Hepliaklqana
Kikubaaqudgha
Makhleb
Nemelex Xobeh
Okawaru
Qazlal
Ru
Sif Muna
Trog
Uskayaw
Vehumet
Wu Jian
Xom
Yredelemnul
Zin
The Shining One

Shops:
D:4 [


Innate Abilities, Weirdness & Mutations

Your life essence is reduced to manifest your ancestor. (-10% HP)
You have sharp fingernails.
You regenerate magic rapidly.
You have a tail ending in a sharp stinger.


Message History

The electric eel is severely wounded.
The electric eel shoots out a bolt of lightning at you!
The bolt of electricity hits you.
Laslo barely misses the electric eel.
You closely miss the electric eel.
The electric eel is heavily wounded.
The electric eel shoots out a bolt of lightning at you!
The bolt of electricity hits you!
Laslo hits the electric eel.
You hit the electric eel.
You kill the electric eel!
You start resting.
Ancestor HP restored.
You start resting.
HP restored.
D - 2 potions of curing (gained 1)
You swap places.
An electric eel comes into view.
The electric eel shoots out a bolt of lightning at you!
The bolt of electricity hits you!
You swap places.
The electric eel shoots out a bolt of lightning at you!
The bolt of electricity hits Laslo!
The bolt of electricity hits you!
You swap places.
The electric eel shoots out a bolt of lightning at you!
The bolt of electricity hits you. The bolt of electricity misses you.
You swap places.
The electric eel shoots out a bolt of lightning at you!
The bolt of electricity hits you! The bolt of electricity misses you.
The bolt of electricity hits the plant!
The plant begins to die.
The electric eel shoots out a bolt of lightning at you!
The bolt of electricity hits you. x2
* * * LOW HITPOINT WARNING * * *
The bolt of electricity misses the electric eel.
The bolt of electricity hits the plant!
The plant begins to die.
You slash the electric eel!
The electric eel is almost dead.
The electric eel shoots out a bolt of lightning at you!
The bolt of electricity hits you!
* * * LOW HITPOINT WARNING * * *
The bolt of electricity hits you!
You die...

# ###♣≈♣ ..≈≈≈♣♣
##.≈♣≈≈P♣ ##R.≈≈≈≈≈≈
#.@SP≈≈≈≈≈ ##.♣♣≈♣♣≈≈≈
#..P≈≈≈≈≈≈ ###
#.♣≈≈≈≈≈≈≈ ##.###
##.≈≈♣P≈≈≈≈P ####....##
##..P♣PP≈≈≈≈≈
#.##.....#
#...≈♣≈≈≈≈≈≈≈
#.#....#####..♣♣≈≈≈≈≈≈≈
........#.....≈≈♣≈≈≈≈≈≈


You could see the friendly Laslo the ancestor and an electric eel (ally target).

Vanquished Creatures
  A water moccasin (D:3)
  2 ogres
  2 black bears
  2 scorpions (D:6)
  An electric eel (D:6)
  Crazy Yiuf (D:2)
  3 hounds
  An orc priest (D:3)
  A jelly (D:6)
  3 iguanas
  4 orc wizards
  Robin (D:1)
  3 gnolls (D:4)
  11 adders
  2 shadow imps
  2 worms (D:2)
  2 dart slugs
  9 orcs
  14 ball pythons
  2 bats (D:1)
  5 endoplasms
  8 giant cockroaches
  20 goblins
  12 hobgoblins
  4 quokkas
  3 frilled lizards
  7 kobolds
  9 rats
135 creatures vanquished.

Vanquished Creatures (collateral kills)
  An iguana (D:6)
  An ufetubus (D:6)
2 creatures vanquished.

Vanquished Creatures (others)
  88 foxfires
  8 plants
96 creatures vanquished.

Grand Total: 233 creatures vanquished

Notes
Turn   | Place    | Note
-------+----------+-------------------------------------------
     0 | D:1      | jlumianski the Demonspawn Gladiator began the quest for the
                  | Orb.
     0 | D:1      | Reached XP level 1. HP: 16/16 MP: 1/1
    40 | D:1      | Upgraded the game from 0.29-a0-251-g80730f7218 to
                  | 0.29-a0-275-g389c0b56f3
   335 | D:1      | Discovered your monstrous ancestry.
   335 | D:1      | Gained mutation: You have a small tail. [demonic ancestry]
   335 | D:1      | Reached XP level 2. HP: 22/22 MP: 2/2
   529 | D:1      | Reached skill level 3 in Axes
   825 | D:1      | Gained mutation: You regenerate magic rapidly. [demonic
                  | ancestry]
   825 | D:1      | Reached XP level 3. HP: 23/27 MP: 3/3
   902 | D:2      | Noticed Robin
   920 | D:1      | Killed Robin
  1352 | D:2      | Gained mutation: You have sharp fingernails. [demonic
                  | ancestry]
  1352 | D:2      | Reached XP level 4. HP: 33/33 MP: 4/4
  1427 | D:2      | Found a runed translucent door.
  1428 | D:2      | Noticed Crazy Yiuf
  1497 | D:2      | Reached skill level 4 in Axes
  1917 | D:2      | Found a faded altar of an unknown god.
  1925 | D:2      | Got Plato's Compendium of Attacks
  1933 | D:2      | Learned a level 1 spell: Foxfire
  2036 | D:2      | Killed Crazy Yiuf
  2037 | D:2      | Reached skill level 1 in Armour
  2037 | D:2      | Gained mutation: You have a tail ending in a sharp stinger.
                  | [demonic ancestry]
  2037 | D:2      | Reached XP level 5. HP: 24/39 MP: 3/5
  2273 | D:3      | You fall into a shaft and drop 2 floors!
  2273 | D:5      | Entered Level 5 of the Dungeon
  2673 | D:2      | Reached skill level 1 in Fire Magic
  2973 | D:2      | Reached skill level 1 in Spellcasting
  3075 | D:3      | Reached XP level 6. HP: 42/46 MP: 5/8
  4065 | D:4      | Noticed a water moccasin
  4096 | D:3      | Reached skill level 5 in Axes
  4416 | D:2      | Reached XP level 7. HP: 15/52 MP: 9/9
  4743 | D:3      | Reached skill level 1 in Conjurations
  4995 | D:4      | Found a staircase to the Ecumenical Temple.
  5019 | Temple   | Entered the Ecumenical Temple
  5159 | Temple   | Became a worshipper of Hepliaklqana the Forgotten
  5227 | D:4      | Found Ucseg's Antique Armour Boutique.
  6445 | D:5      | Identified the +1 scale mail "Kucyf" {Int+2}
  7146 | D:6      | Reached XP level 8. HP: 58/58 MP: 10/10
  7181 | D:6      | Reached * piety under Hepliaklqana
  7190 | D:6      | Reached skill level 6 in Axes
  7873 | D:6      | Killed from afar by an electric eel

Illustrated notes

Levels and vault maps discovered:
D:1:      scummos_arrival_simple_fountains, layout_basic, minivault_25,
          dk_noncrumbling_4
D:2:      layout_basic, shapermc_ecumenical_altar_rom_forum, uniq_robin,
          uniq_crazy_yiuf_cottage
D:3:      minmay_bubble_buster, layout_rooms, serial_rivers,
          chequers_serial_rivers_micro_d, chequers_serial_rivers_room_a,
          chequers_serial_rivers_small_b, chequers_serial_rivers_small_3,
          chequers_serial_rivers_micro_a, chequers_serial_rivers_small_3,
          kennysheep_pointless_box, minmay_misc_feat_ornament,
          grunt_decor_junction
D:4:      layout_rooms, minmay_temple_entry_overgrown, serial_shops,
          kennysheep_little_box
D:5:      layout_basic, corexii_checkpoint_a, chequers_big_river,
          kennysheep_generic_room_15
D:6:      layout_cave_pools, serial_bayou_lake_a
Temple:   nicolae_temple_the_god_donut

Skill      XL: |  1  2  3  4  5  6  7  8 |
---------------+-------------------------+-----
Axes           | 3 4 5 6 |  6.3
Dodging        | 3 4 |  4.1
Armour         | 1 2 3 |  3.8
Fire Magic     | 1 |  1.6
Spellcasting   | 1 2 |  2.0
Fighting       | 3 |  3.8
Conjurations   | 1 2 |  2.1
Throwing       | |  1.8
Stealth        | |  0.6

Action                   |  1- 3 |  4- 6 |  7- 9 || total
-------------------------+-------+-------+-------++-------
Melee: War axe           |    84 |   187 |   105 ||   376
       Tailslap          |     5 |    20 |    19 ||    44
       Punch             |     1 |     2 |     1 ||     4
Throw: Dart              |       |     1 |       ||     1
 Cast: Foxfire           |       |    24 |    23 ||    47
Invok: Recall Ancestor   |       |       |     1 ||     1
  Use: Potion            |       |     4 |     1 ||     5
       Scroll            |       |    11 |     6 ||    17
Armor: Leather armour    |     5 |       |       ||     5
       Ring mail         |    22 |   100 |    62 ||   184
Dodge: Dodged            |    92 |   250 |   203 ||   545

Table legend: (Time is in decaauts)
 A = Elapsed time spent in this place.
 B = Non-inter-level travel time spent in this place.
 C = Inter-level travel time spent in this place.
 D = Time resting spent in this place.
 E = Time spent auto-exploring this place.
 F = Levels seen in this place.
 G = Mean time per level.
                   A        B        C        D        E       F      G
               +--------+--------+--------+--------+--------+-----+--------+
         Total |   8010 |   7876 |    134 |   1735 |   3410 |   7 | 1144.3 |
       Dungeon |   7825 |   7691 |    134 |   1735 |   3410 |   6 | 1304.2 |
        Temple |    184 |    184 |      0 |      0 |      0 |   1 |  184.0 |
               +--------+--------+--------+--------+--------+-----+--------+

Top non-repeatable levels by time:
     D:2: 2047 daAuts
     D:3: 2009 daAuts
     D:5: 1170 daAuts
     D:1: 1163 daAuts
     D:6: 752 daAuts
     D:4: 683 daAuts
  Temple: 184 daAuts
